Map: Altitude LE

Players

I.A. 1 (Muito fácil) - Winner!

  • Race: Zerg Zerg
  • Spawn Location: 1:00

JosueKujo

  • Race: Terran Terran
  • League: Diamond
  • Spawn Location: 7:00

VOD

Have the link to the VOD?

Description

Time

  • Played on: May 15, 2023, 7:40 p.m.
  • Length: 7:59
Show
View Real Time Build Order
Export as new Build Order

I.A. 1 (Muito fácil) Zerg - Winner!

Build Orders: Pool Only 

Get SALT Encoding   

  12  0:01  Drone  
  13  0:12  Overlord  
  13  0:17  Drone  
  14  0:35  Spawning Pool  
  14  0:37  Extractor  
  14  0:39  Drone  
  13  0:46  Drone  
  14  0:52  Overlord  
  14  1:23  Zergling x2, Queen  
  17  1:30  Roach Warren  
  16  1:34  Drone  
  16  1:37  Extractor  
  16  1:42  Zergling x2  
  16  1:43  Drone  
  18  1:55  Drone  
  19  2:01  Zergling x2  
  19  2:06  Drone  
  21  2:17  Drone  
  22  2:27  Drone  
  22  2:29  Overlord  
  23  2:35  Drone  
  24  2:42  Drone  
  25  3:45  Zergling x2  
  25  5:52  Roach, Overlord  
  25  5:53  Drone, Lair  
  27  6:00  Drone  
  26  6:07  Drone  
  27  6:14  Drone  
  28  6:21  Drone  
  29  6:35  Roach  
  31  6:50  Overseer x2  
  31  7:18  Roach  
  32  7:23  Drone  
  33  7:30  Drone  
  33  7:38  Drone  
  33  7:47  Drone  
Show
View Real Time Build Order
Export as new Build Order

JosueKujo Terran 

Build Orders: Cyclone Opening 

Get SALT Encoding   

  12  0:00  SCV  
  13  0:12  SCV  
  14  0:17  Supply Depot  
  14  0:24  SCV  
  15  0:39  SCV  
  15  0:40  Barracks  
  16  0:45  Refinery  
  16  0:51  SCV  
  17  1:03  SCV  
  18  1:15  SCV  
  19  1:28  Supply Depot, Orbital Command  
  19  1:29  Refinery  
  19  1:31  Marine  
  20  1:45  Factory  
  20  1:49  Marine  
  21  1:54  SCV  
  22  2:06  SCV  
  23  2:12  Barracks Tech Lab  
  23  2:19  SCV  
  24  2:24  Command Center  
  24  2:31  SCV  
  24  2:36  Cyclone  
  28  2:38  Barracks Reactor  
  28  2:46  SCV  
  28  2:49  Supply Depot  
  29  2:58  SCV  
  30  3:10  Siege Tank, SCV  
  34  3:15  Marine x2  
  36  3:24  SCV  
  37  3:33  Marine x2  
  39  3:35  Orbital Command  
  39  3:37  SCV  
  40  3:46  Siege Tank  
  40  3:47  Bunker  
  43  3:49  SCV  
  43  3:52  Marine  
  43  3:53  Marine  
  46  3:58  Supply Depot  
  46  4:01  SCV x2  
  48  4:10  Supply Depot  
  48  4:11  Marine x2  
  48  4:13  SCV x2  
  52  4:20  Siege Tank  
  55  4:25  SCV  
  55  4:29  Bunker  
  55  4:30  SCV  
  57  4:33  Marine x2  
  59  4:39  SCV  
  59  4:40  Command Center  
  59  4:43  SCV  
  61  4:47  Supply Depot  
  61  4:51  Marine x2  
  61  4:52  SCV  
  64  4:53  Siege Tank  
  64  4:56  SCV  
  68  5:02  Supply Depot  
  68  5:06  SCV  
  69  5:07  Refinery  
  69  5:10  Marine x2  
  69  5:11  SCV  
  72  5:19  SCV  
  73  5:25  Supply Depot  
  73  5:27  Starport  
  73  5:28  Siege Tank, SCV  
  74  5:30  Marine x2  
  74  5:31  SCV  
  80  5:36  Refinery  
  80  5:40  SCV  
  81  5:45  SCV  
  81  5:47  Engineering Bay x2  
  81  5:49  Marine x2  
  84  5:53  SCV  
  85  5:57  SCV  
  86  6:04  Barracks, Starport Tech Lab  
  86  6:06  SCV  
  86  6:07  Barracks, Siege Tank  
  86  6:09  SCV  
  86  6:10  Marine x2  
  93  6:18  SCV  
  94  6:20  Orbital Command  
  94  6:22  SCV  
  95  6:30  Marine x2, SCV  
  98  6:34  Starport Tech Lab  
  98  6:37  Supply Depot  
  98  6:38  Supply Depot  
  98  6:40  SCV  
  98  6:41  Siege Tank  
  102  6:47  SCV x2  
  102  6:52  Marine x2  
  102  6:53  Refinery  
  106  6:58  SCV  
  106  6:59  Starport Reactor  
  106  7:01  SCV x2  
  109  7:03  Armory  
  109  7:05  Supply Depot  
  109  7:10  Marine, SCV  
  109  7:11  Marauder, Marine  
  109  7:12  Marauder  
  109  7:13  SCV x2  
  118  7:17  Siege Tank  
  121  7:26  SCV x3  
  124  7:32  Command Center  
  124  7:33  Marauder, Marine x2  
  124  7:34  Marauder  
  130  7:37  Supply Depot  
  130  7:38  SCV  
  133  7:44  Supply Depot  
  133  7:50  Refinery  
  133  7:57  Supply Depot  
Tags
 
Add a new tag
Caveats
  • Supply blocks, unpowered buildings, or Contaminate may cause inaccurate times.
  • Supply counts are checked every 10 seconds.